Panthers vs Sabres

Created - April 10 2010 at 12:08

Goals
1 2 3 T
Panthers 2 1 0 3
Sabres 2 2 0 4
Shots
1 2 3 T
Panthers 9 11 10 30
Sabres 7 10 5 22

Period #1

1. Panthers , Josh Gorges 1 (Stephane Robidas, Rich Peverley) at 5:49 (PP)
2. Sabres , Johan Franzen 1 (Nicklas Lidstrom, Henrik Zetterberg) at 10:36
3. Sabres , Nikolai Zherdev 1 (Kim Johnsson) at 11:49
4. Panthers , Anze Kopitar 1 (Brian Rafalski, Bryan Little) at 16:14

Penalties :
Zdeno Chara (BUF) for Hooking (Minor) at 5:12, Tuomo Ruutu (BUF) for Holding (Minor) at 13:10, Niklas Kronwall (BUF) for Roughing (Minor) at 18:21

Period #2

5. Panthers , Todd Bertuzzi 1 (Brian Rafalski, Marcel Goc) at 4:42
6. Sabres , Mike Richards 1 (Dennis Wideman, Tuomo Ruutu) at 8:38 (PP)
7. Sabres , Martin St. Louis 1 (Martin Havlat, Dennis Wideman) at 14:12

Penalties :
Henrik Zetterberg (BUF) for Slashing (Minor) at 2:31, Brad Stuart (FLA) for Hooking (Minor) at 8:04, Johan Franzen (BUF) for Tripping (Minor) at 15:58

Period #3

No Goal

Penalties :
Brad Stuart (FLA) for Holding (Minor) at 12:44, Brad Stuart (FLA) for High sticking (Minor) at 19:18

Goalie Stats

Rick Dipietro (FLA), 18 saves from 22 shots - (0.818), L, 0-1-0, 60:00 minutes
Ryan Miller (BUF), 27 saves from 30 shots - (0.900), W, 1-0-0, 60:00 minutes

Players Stats

Panthers
Player Name              G  A  P  +/- PIM S  H  SB FO    MP 
------------------------------------------------------------
Aaron Johnson            0  0  0   0  0   2  1  0  0/0   19 
Alexander Frolov         0  0  0   0  0   4  1  1  0/1   20 
Andrew Brunette          0  0  0  -1  0   1  0  0  0/0   17 
Anze Kopitar             1  0  1   0  0   3  2  0  14/25 19 
Brad Stuart              0  0  0   0  6   0  1  0  0/0   15 
Brian Rafalski           0  2  2   1  0   6  0  0  0/0   23 
Bryan Little             0  1  1   0  0   3  0  0  0/3   18 
Fabian Brunnstrom        0  0  0   0  0   2  2  0  0/1   16 
Frans Nielsen            0  0  0   0  0   0  2  1  11/26 17 
Jason Chimera            0  0  0   0  0   1  0  0  0/0   7  
Jiri Hudler              0  0  0  -1  0   2  2  0  0/0   17 
Josh Gorges              1  0  1   0  0   1  0  0  0/0   21 
Marc-Andre Bergeron      0  0  0  -1  0   0  0  1  0/0   21 
Marcel Goc               0  1  1   0  0   0  2  0  6/14  7  
Maxim Afinogenov         0  0  0   0  0   2  1  0  0/0   16 
Rich Peverley            0  1  1  -1  0   2  0  0  8/17  17 
Stephane Robidas         0  1  1  -2  0   0  1  2  0/0   21 
Todd Bertuzzi            1  0  1   0  0   1  0  0  0/0   5  
Sabres
Player Name              G  A  P  +/- PIM S  H  SB FO    MP 
------------------------------------------------------------
Andy Sutton              0  0  0   0  0   2  6  2  0/0   18 
Ben Guite                0  0  0   0  0   0  0  0  8/18  16 
Dennis Wideman           0  2  2   0  0   0  0  0  0/0   21 
Dmitri Kalinin           0  0  0   0  0   0  0  0  0/0   0  
Henrik Zetterberg        0  1  1   0  2   3  1  0  17/30 23 
Johan Franzen            1  0  1   1  2   1  0  0  0/2   18 
Kim Johnsson             0  1  1   0  0   1  0  1  0/0   19 
Kris Versteeg            0  0  0   0  0   0  0  0  2/2   10 
Marc Savard              0  0  0   0  0   0  0  0  3/5   4  
Martin Havlat            0  1  1   0  0   6  0  0  1/1   16 
Martin St. Louis         1  0  1   2  0   2  0  0  1/1   23 
Mike Richards            1  0  1  -1  0   4  3  0  14/22 23 
Nicklas Lidstrom         0  1  1   1  0   0  0  2  0/0   21 
Niklas Kronwall          0  0  0   0  2   0  4  1  0/0   19 
Nikolai Zherdev          1  0  1   1  0   1  0  1  0/0   5  
Paul Gaustad             0  0  0   0  0   0  0  0  2/3   16 
Tuomo Ruutu              0  1  1   0  2   1  1  0  0/3   18 
Zdeno Chara              0  0  0   1  2   1  1  1  0/0   21 

3 Stars

1 - Martin St. Louis (BUF)
2 - Nikolai Zherdev (BUF)
3 - Anze Kopitar (FLA)

Power Play

Panthers - 1 on 5 Attempt(s) - 20.00%
Sabres - 1 on 3 Attempt(s) - 33.33%

Penalty Kill

Panthers - 2 on 3 Attempt(s) - 66.67% - Score 0 goal in Penalty Kill
Sabres - 4 on 5 Attempt(s) - 80.00% - Score 0 goal in Penalty Kill

Game Notes

Nikolai Zherdev is injured at 17:49 of 1st period (Strained Right Elbow)

Finance

Level 1 -- Attendance: 6500 (100.00%) -- Ticket Income $578,500.00
Level 2 -- Attendance: 4801 (96.02%) -- Ticket Income $288,060.00
Level 3 -- Attendance: 3166 (90.46%) -- Ticket Income $123,474.00
Level 4 -- Attendance: 2055 (76.39%) -- Ticket Income $51,375.00
Luxury Box -- Attendance: 1000 (100.00%) -- Ticket Income $191,000.00
Game was played at the HSBC Arena
Total Attendance: 17522 (93.75%)
Total Ticket Income: $1,311,717.00
Other Income: $393,515.10
Total Income: $1,705,232.00


Play by Play

Period #1

0:01 of 1st period - Henrik Zetterberg wins face-off versus Anze Kopitar in neutral zone.
0:36 of 1st period - Johan Franzen is hit by Brad Stuart and loses puck.
1:13 of 1st period - Shot by Rich Peverley.
1:13 of 1st period - Stopped by Ryan Miller without a rebound.
1:14 of 1st period - Frans Nielsen wins face-off versus Ben Guite in Sabres zone.
1:14 of 1st period - Josh Gorges is hit by Andy Sutton and loses puck.
1:26 of 1st period - Maxim Afinogenov is hit by Andy Sutton and loses puck.
1:32 of 1st period - Nikolai Zherdev is hit by Fabian Brunnstrom and loses puck.
1:47 of 1st period - Shot by Fabian Brunnstrom.
1:47 of 1st period - Stopped by Ryan Miller without a rebound.
1:48 of 1st period - Rich Peverley wins face-off versus Mike Richards in Sabres zone.
1:48 of 1st period - Stephane Robidas is hit by Niklas Kronwall and loses puck.
2:07 of 1st period - Rich Peverley is hit by Mike Richards and loses puck.
2:27 of 1st period - Shot by Martin Havlat.
2:27 of 1st period - Stopped by Rick Dipietro with a rebound.
2:31 of 1st period - Shot by Martin Havlat.
2:31 of 1st period - Shot Misses the Net.
3:27 of 1st period - Shot by Alexander Frolov.
3:27 of 1st period - Shot Blocked by Nicklas Lidstrom.
4:01 of 1st period - Icing by Andy Sutton.
4:02 of 1st period - Marcel Goc wins face-off versus Ben Guite in Sabres zone.
4:34 of 1st period - Icing by Ben Guite.
4:35 of 1st period - Frans Nielsen wins face-off versus Ben Guite in Sabres zone.
4:38 of 1st period - Shot by Maxim Afinogenov.
4:38 of 1st period - Shot Blocked by Kim Johnsson.
4:58 of 1st period - Shot by Tuomo Ruutu.
4:58 of 1st period - Shot Misses the Net.
5:00 of 1st period - Shot by Niklas Kronwall.
5:00 of 1st period - Shot Misses the Net.
5:04 of 1st period - Shot by Martin Havlat.
5:04 of 1st period - Stopped by Rick Dipietro without a rebound.
5:05 of 1st period - Anze Kopitar wins face-off versus Henrik Zetterberg in Panthers zone.
5:12 of 1st period - Shot by Alexander Frolov.
5:12 of 1st period - Stopped by Ryan Miller without a rebound.
5:12 of 1st period - Minor Penalty to Zdeno Chara for Hooking.
5:13 of 1st period - Kris Versteeg wins face-off versus Rich Peverley in Sabres zone.
5:47 of 1st period - Shot by Stephane Robidas.
5:47 of 1st period - Shot Misses the Net.
5:49 of 1st period - Shot by Josh Gorges.
5:49 of 1st period - Goal by Josh Gorges - Panthers : 1 - Sabres : 0.
5:50 of 1st period - Anze Kopitar wins face-off versus Henrik Zetterberg in neutral zone.
6:11 of 1st period - Icing by Nicklas Lidstrom.
6:12 of 1st period - Marcel Goc wins face-off versus Henrik Zetterberg in Sabres zone.
7:08 of 1st period - Shot by Martin Havlat.
7:08 of 1st period - Stopped by Rick Dipietro without a rebound.
7:09 of 1st period - Paul Gaustad wins face-off versus Rich Peverley in Panthers zone.
7:39 of 1st period - Icing by Andy Sutton.
7:40 of 1st period - Ben Guite wins face-off versus Frans Nielsen in Sabres zone.
7:53 of 1st period - Shot by Maxim Afinogenov.
7:53 of 1st period - Shot Misses the Net.
8:39 of 1st period - Bryan Little is hit by Niklas Kronwall and loses puck.
9:18 of 1st period - Shot by Martin St. Louis.
9:18 of 1st period - Shot Misses the Net.
9:25 of 1st period - Icing by Stephane Robidas.
9:26 of 1st period - Rich Peverley wins face-off versus Marc Savard in Panthers zone.
9:31 of 1st period - Kris Versteeg is hit by Jiri Hudler and loses puck.
9:39 of 1st period - Icing by Kim Johnsson.
9:40 of 1st period - Marc Savard wins face-off versus Frans Nielsen in Sabres zone.
9:54 of 1st period - Fabian Brunnstrom is hit by Andy Sutton and loses puck.
10:00 of 1st period - Icing by Andy Sutton.
10:01 of 1st period - Marc Savard wins face-off versus Marcel Goc in Sabres zone.
10:01 of 1st period - Marc Savard is hit by Marcel Goc.
10:04 of 1st period - Kris Versteeg is hit by Marcel Goc and loses puck.
10:36 of 1st period - Shot by Johan Franzen.
10:36 of 1st period - Goal by Johan Franzen - Panthers : 1 - Sabres : 1.
10:37 of 1st period - Mike Richards wins face-off versus Fabian Brunnstrom in neutral zone.
11:05 of 1st period - Icing by Niklas Kronwall.
11:06 of 1st period - Mike Richards wins face-off versus Anze Kopitar in Sabres zone.
11:06 of 1st period - Mike Richards is hit by Alexander Frolov.
11:49 of 1st period - Shot by Nikolai Zherdev.
11:49 of 1st period - Goal by Nikolai Zherdev - Panthers : 1 - Sabres : 2.
11:50 of 1st period - Marcel Goc wins face-off versus Ben Guite in neutral zone.
12:15 of 1st period - Off-side.
12:16 of 1st period - Kris Versteeg wins face-off versus Frans Nielsen in neutral zone.
12:30 of 1st period - Icing by Josh Gorges.
12:31 of 1st period - Ben Guite wins face-off versus Frans Nielsen in Panthers zone.
12:31 of 1st period - Andy Sutton is hit by Aaron Johnson.
12:33 of 1st period - Shot by Nikolai Zherdev.
12:33 of 1st period - Shot Misses the Net.
13:10 of 1st period - Minor Penalty to Tuomo Ruutu for Holding.
13:11 of 1st period - Mike Richards wins face-off versus Anze Kopitar in Sabres zone.
14:36 of 1st period - Shot by Alexander Frolov.
14:36 of 1st period - Stopped by Ryan Miller without a rebound.
14:37 of 1st period - Henrik Zetterberg wins face-off versus Anze Kopitar in Sabres zone.
14:37 of 1st period - Henrik Zetterberg is hit by Anze Kopitar.
14:53 of 1st period - Shot by Brian Rafalski.
14:53 of 1st period - Stopped by Ryan Miller without a rebound.
14:54 of 1st period - Rich Peverley wins face-off versus Henrik Zetterberg in Sabres zone.
14:55 of 1st period - Shot by Andrew Brunette.
14:55 of 1st period - Deflect By Jiri Hudler.
14:55 of 1st period - Stopped by Ryan Miller without a rebound.
14:56 of 1st period - Rich Peverley wins face-off versus Henrik Zetterberg in Sabres zone.
15:07 of 1st period - Shot by Stephane Robidas.
15:07 of 1st period - Shot Blocked by Niklas Kronwall.
15:09 of 1st period - Shot by Aaron Johnson.
15:09 of 1st period - Stopped by Ryan Miller without a rebound.
15:10 of 1st period - Ben Guite wins face-off versus Frans Nielsen in Sabres zone.
15:14 of 1st period - Off-side.
15:15 of 1st period - Ben Guite wins face-off versus Frans Nielsen in neutral zone.
15:46 of 1st period - Icing by Josh Gorges.
15:47 of 1st period - Frans Nielsen wins face-off versus Mike Richards in Panthers zone.
16:12 of 1st period - Shot by Anze Kopitar.
16:12 of 1st period - Shot Misses the Net.
16:14 of 1st period - Shot by Anze Kopitar.
16:14 of 1st period - Goal by Anze Kopitar - Panthers : 2 - Sabres : 2.
16:15 of 1st period - Henrik Zetterberg wins face-off versus Rich Peverley in neutral zone.
16:59 of 1st period - Shot by Zdeno Chara.
16:59 of 1st period - Stopped by Rick Dipietro with a rebound.
17:43 of 1st period - Shot by Anze Kopitar.
17:43 of 1st period - Shot Misses the Net.
17:47 of 1st period - Shot by Anze Kopitar.
17:47 of 1st period - Shot Misses the Net.
17:49 of 1st period - Shot by Anze Kopitar.
17:49 of 1st period - Shot Blocked by Nikolai Zherdev.
17:49 of 1st period - Nikolai Zherdev from Sabres is injured at 17:49 of 1st period (Strained Right Elbow).
17:50 of 1st period - Mike Richards wins face-off versus Frans Nielsen in Sabres zone.
18:10 of 1st period - Shot by Mike Richards.
18:10 of 1st period - Stopped by Rick Dipietro with a rebound.
18:21 of 1st period - Minor Penalty to Niklas Kronwall for Roughing.
18:22 of 1st period - Mike Richards wins face-off versus Anze Kopitar in Sabres zone.
19:03 of 1st period - Icing by Bryan Little.
19:04 of 1st period - Anze Kopitar wins face-off versus Henrik Zetterberg in Panthers zone.

Period #2

0:01 of 2nd period - Mike Richards wins face-off versus Anze Kopitar in neutral zone.
0:38 of 2nd period - Shot by Mike Richards.
0:38 of 2nd period - Shot Misses the Net.
0:40 of 2nd period - Shot by Kim Johnsson.
0:40 of 2nd period - Stopped by Rick Dipietro without a rebound.
0:41 of 2nd period - Henrik Zetterberg wins face-off versus Rich Peverley in Panthers zone.
1:10 of 2nd period - Shot by Rich Peverley.
1:10 of 2nd period - Shot Misses the Net.
1:14 of 2nd period - Shot by Andrew Brunette.
1:14 of 2nd period - Stopped by Ryan Miller without a rebound.
1:15 of 2nd period - Anze Kopitar wins face-off versus Mike Richards in Sabres zone.
1:26 of 2nd period - Shot by Alexander Frolov.
1:26 of 2nd period - Shot Misses the Net.
1:30 of 2nd period - Shot by Anze Kopitar.
1:30 of 2nd period - Stopped by Ryan Miller without a rebound.
1:31 of 2nd period - Frans Nielsen wins face-off versus Ben Guite in Sabres zone.
1:56 of 2nd period - Shot by Mike Richards.
1:56 of 2nd period - Shot Misses the Net.
2:31 of 2nd period - Minor Penalty to Henrik Zetterberg for Slashing.
2:32 of 2nd period - Rich Peverley wins face-off versus Johan Franzen in Sabres zone.
2:32 of 2nd period - Jiri Hudler is hit by Niklas Kronwall and loses puck.
3:19 of 2nd period - Shot by Bryan Little.
3:19 of 2nd period - Stopped by Ryan Miller with a rebound.
3:23 of 2nd period - Shot by Anze Kopitar.
3:23 of 2nd period - Shot Misses the Net.
3:25 of 2nd period - Shot by Marc-Andre Bergeron.
3:25 of 2nd period - Deflect By Bryan Little.
3:25 of 2nd period - Stopped by Ryan Miller without a rebound.
3:26 of 2nd period - Mike Richards wins face-off versus Bryan Little in Sabres zone.
4:36 of 2nd period - Icing by Kim Johnsson.
4:37 of 2nd period - Marcel Goc wins face-off versus Ben Guite in Sabres zone.
4:42 of 2nd period - Shot by Todd Bertuzzi.
4:42 of 2nd period - Goal by Todd Bertuzzi - Panthers : 3 - Sabres : 2.
4:43 of 2nd period - Marc Savard wins face-off versus Frans Nielsen in neutral zone.
5:58 of 2nd period - Off-side.
5:59 of 2nd period - Anze Kopitar wins face-off versus Mike Richards in neutral zone.
6:04 of 2nd period - Shot by Brian Rafalski.
6:04 of 2nd period - Stopped by Ryan Miller without a rebound.
6:05 of 2nd period - Rich Peverley wins face-off versus Paul Gaustad in Sabres zone.
6:18 of 2nd period - Icing by Stephane Robidas.
6:19 of 2nd period - Henrik Zetterberg wins face-off versus Rich Peverley in Panthers zone.
6:24 of 2nd period - Shot by Martin St. Louis.
6:24 of 2nd period - Shot Misses the Net.
6:27 of 2nd period - Icing by Stephane Robidas.
6:28 of 2nd period - Mike Richards wins face-off versus Rich Peverley in Panthers zone.
7:02 of 2nd period - Icing by Niklas Kronwall.
7:03 of 2nd period - Mike Richards wins face-off versus Anze Kopitar in Sabres zone.
7:12 of 2nd period - Shot by Anze Kopitar.
7:12 of 2nd period - Stopped by Ryan Miller without a rebound.
7:13 of 2nd period - Henrik Zetterberg wins face-off versus Anze Kopitar in Sabres zone.
7:20 of 2nd period - Shot by Martin St. Louis.
7:20 of 2nd period - Stopped by Rick Dipietro without a rebound.
7:21 of 2nd period - Marcel Goc wins face-off versus Henrik Zetterberg in Panthers zone.
7:47 of 2nd period - Shot by Andy Sutton.
7:47 of 2nd period - Stopped by Rick Dipietro with a rebound.
7:51 of 2nd period - Shot by Henrik Zetterberg.
7:51 of 2nd period - Stopped by Rick Dipietro without a rebound.
7:52 of 2nd period - Anze Kopitar wins face-off versus Johan Franzen in Panthers zone.
8:04 of 2nd period - Minor Penalty to Brad Stuart for Hooking.
8:05 of 2nd period - Mike Richards wins face-off versus Frans Nielsen in Panthers zone.
8:32 of 2nd period - Shot by Martin St. Louis.
8:32 of 2nd period - Shot Blocked by Stephane Robidas.
8:34 of 2nd period - Shot by Tuomo Ruutu.
8:34 of 2nd period - Shot Blocked by Alexander Frolov.
8:36 of 2nd period - Shot by Dennis Wideman.
8:36 of 2nd period - Shot Blocked by Frans Nielsen.
8:38 of 2nd period - Shot by Mike Richards.
8:38 of 2nd period - Goal by Mike Richards - Panthers : 3 - Sabres : 3.
8:39 of 2nd period - Ben Guite wins face-off versus Marcel Goc in neutral zone.
9:05 of 2nd period - Shot by Henrik Zetterberg.
9:05 of 2nd period - Stopped by Rick Dipietro without a rebound.
9:06 of 2nd period - Henrik Zetterberg wins face-off versus Frans Nielsen in Panthers zone.
10:11 of 2nd period - Shot by Alexander Frolov.
10:11 of 2nd period - Shot Misses the Net.
10:20 of 2nd period - Icing by Anze Kopitar.
10:21 of 2nd period - Anze Kopitar wins face-off versus Ben Guite in Panthers zone.
11:02 of 2nd period - Johan Franzen is hit by Jiri Hudler.
11:15 of 2nd period - Off-side.
11:16 of 2nd period - Frans Nielsen wins face-off versus Mike Richards in neutral zone.
11:35 of 2nd period - Shot by Martin Havlat.
11:35 of 2nd period - Stopped by Rick Dipietro without a rebound.
11:36 of 2nd period - Henrik Zetterberg wins face-off versus Marcel Goc in Panthers zone.
11:41 of 2nd period - Shot by Henrik Zetterberg.
11:41 of 2nd period - Stopped by Rick Dipietro with a rebound.
11:43 of 2nd period - Shot by Henrik Zetterberg.
11:43 of 2nd period - Shot Misses the Net.
11:57 of 2nd period - Shot by Marc-Andre Bergeron.
11:57 of 2nd period - Deflect By Todd Bertuzzi.
11:57 of 2nd period - Shot Misses the Net.
11:59 of 2nd period - Shot by Brian Rafalski.
11:59 of 2nd period - Stopped by Ryan Miller without a rebound.
12:00 of 2nd period - Anze Kopitar wins face-off versus Mike Richards in Sabres zone.
12:15 of 2nd period - Shot by Alexander Frolov.
12:15 of 2nd period - Stopped by Ryan Miller without a rebound.
12:16 of 2nd period - Frans Nielsen wins face-off versus Tuomo Ruutu in Sabres zone.
12:25 of 2nd period - Shot by Kris Versteeg.
12:25 of 2nd period - Shot Misses the Net.
12:27 of 2nd period - Shot by Andy Sutton.
12:27 of 2nd period - Stopped by Rick Dipietro without a rebound.
12:28 of 2nd period - Henrik Zetterberg wins face-off versus Rich Peverley in Panthers zone.
13:19 of 2nd period - Marc-Andre Bergeron is hit by Andy Sutton and loses puck.
14:06 of 2nd period - Shot by Tuomo Ruutu.
14:06 of 2nd period - Shot Misses the Net.
14:10 of 2nd period - Shot by Martin Havlat.
14:10 of 2nd period - Shot Blocked by Stephane Robidas.
14:12 of 2nd period - Shot by Martin St. Louis.
14:12 of 2nd period - Goal by Martin St. Louis - Panthers : 3 - Sabres : 4.
14:13 of 2nd period - Anze Kopitar wins face-off versus Marc Savard in neutral zone.
15:10 of 2nd period - Off-side.
15:11 of 2nd period - Mike Richards wins face-off versus Frans Nielsen in neutral zone.
15:11 of 2nd period - Niklas Kronwall is hit by Fabian Brunnstrom and loses puck.
15:15 of 2nd period - Dennis Wideman is hit by Maxim Afinogenov and loses puck.
15:53 of 2nd period - Off-side.
15:54 of 2nd period - Henrik Zetterberg wins face-off versus Marcel Goc in neutral zone.
15:58 of 2nd period - Minor Penalty to Johan Franzen for Tripping.
15:59 of 2nd period - Anze Kopitar wins face-off versus Mike Richards in Sabres zone.
16:06 of 2nd period - Shot by Brian Rafalski.
16:06 of 2nd period - Shot Misses the Net.
16:10 of 2nd period - Shot by Bryan Little.
16:10 of 2nd period - Deflect By Anze Kopitar.
16:10 of 2nd period - Shot Misses the Net.
16:12 of 2nd period - Shot by Brian Rafalski.
16:12 of 2nd period - Stopped by Ryan Miller without a rebound.
16:13 of 2nd period - Henrik Zetterberg wins face-off versus Rich Peverley in Sabres zone.
16:51 of 2nd period - Off-side.
16:52 of 2nd period - Mike Richards wins face-off versus Bryan Little in neutral zone.
17:21 of 2nd period - Shot by Brian Rafalski.
17:21 of 2nd period - Shot Misses the Net.
17:23 of 2nd period - Shot by Bryan Little.
17:23 of 2nd period - Stopped by Ryan Miller with a rebound.
17:46 of 2nd period - Icing by Maxim Afinogenov.
17:47 of 2nd period - Anze Kopitar wins face-off versus Henrik Zetterberg in Panthers zone.
19:09 of 2nd period - Josh Gorges is hit by Tuomo Ruutu and loses puck.
19:19 of 2nd period - Icing by Josh Gorges.
19:20 of 2nd period - Henrik Zetterberg wins face-off versus Frans Nielsen in Panthers zone.
19:21 of 2nd period - Shot by Martin St. Louis.
19:21 of 2nd period - Shot Misses the Net.

Period #3

0:01 of 3rd period - Anze Kopitar wins face-off versus Henrik Zetterberg in neutral zone.
0:05 of 3rd period - Brian Rafalski is hit by Henrik Zetterberg and loses puck.
1:19 of 3rd period - Shot by Martin Havlat.
1:19 of 3rd period - Shot Misses the Net.
1:23 of 3rd period - Shot by Martin Havlat.
1:23 of 3rd period - Shot Misses the Net.
1:25 of 3rd period - Shot by Dennis Wideman.
1:25 of 3rd period - Shot Misses the Net.
1:29 of 3rd period - Shot by Martin Havlat.
1:29 of 3rd period - Shot Blocked by Marc-Andre Bergeron.
1:33 of 3rd period - Shot by Mike Richards.
1:33 of 3rd period - Shot Misses the Net.
1:37 of 3rd period - Shot by Tuomo Ruutu.
1:37 of 3rd period - Shot Misses the Net.
1:41 of 3rd period - Shot by Martin Havlat.
1:41 of 3rd period - Shot Misses the Net.
1:43 of 3rd period - Shot by Martin Havlat.
1:43 of 3rd period - Stopped by Rick Dipietro without a rebound.
1:44 of 3rd period - Frans Nielsen wins face-off versus Ben Guite in Panthers zone.
2:37 of 3rd period - Shot by Alexander Frolov.
2:37 of 3rd period - Shot Blocked by Andy Sutton.
2:39 of 3rd period - Shot by Brian Rafalski.
2:39 of 3rd period - Stopped by Ryan Miller without a rebound.
2:40 of 3rd period - Martin Havlat wins face-off versus Marcel Goc in Sabres zone.
3:05 of 3rd period - Shot by Mike Richards.
3:05 of 3rd period - Stopped by Rick Dipietro with a rebound.
3:09 of 3rd period - Shot by Martin Havlat.
3:09 of 3rd period - Stopped by Rick Dipietro without a rebound.
3:10 of 3rd period - Henrik Zetterberg wins face-off versus Alexander Frolov in Panthers zone.
4:07 of 3rd period - Icing by Nicklas Lidstrom.
4:08 of 3rd period - Henrik Zetterberg wins face-off versus Frans Nielsen in Sabres zone.
4:32 of 3rd period - Shot by Maxim Afinogenov.
4:32 of 3rd period - Stopped by Ryan Miller without a rebound.
4:33 of 3rd period - Rich Peverley wins face-off versus Ben Guite in Sabres zone.
4:33 of 3rd period - Rich Peverley is hit by Andy Sutton.
4:44 of 3rd period - Jiri Hudler is hit by Andy Sutton and loses puck.
5:09 of 3rd period - Shot by Jiri Hudler.
5:09 of 3rd period - Shot Misses the Net.
5:24 of 3rd period - Andy Sutton is hit by Stephane Robidas and loses puck.
6:02 of 3rd period - Off-side.
6:03 of 3rd period - Martin St. Louis wins face-off versus Anze Kopitar in neutral zone.
6:10 of 3rd period - Shot by Tuomo Ruutu.
6:10 of 3rd period - Shot Misses the Net.
6:30 of 3rd period - Shot by Anze Kopitar.
6:30 of 3rd period - Shot Misses the Net.
6:32 of 3rd period - Shot by Alexander Frolov.
6:32 of 3rd period - Stopped by Ryan Miller without a rebound.
6:33 of 3rd period - Frans Nielsen wins face-off versus Henrik Zetterberg in Sabres zone.
6:55 of 3rd period - Icing by Henrik Zetterberg.
6:56 of 3rd period - Marcel Goc wins face-off versus Henrik Zetterberg in Sabres zone.
6:57 of 3rd period - Shot by Jason Chimera.
6:57 of 3rd period - Stopped by Ryan Miller with a rebound.
7:43 of 3rd period - Shot by Jiri Hudler.
7:43 of 3rd period - Shot Misses the Net.
7:47 of 3rd period - Shot by Rich Peverley.
7:47 of 3rd period - Shot Misses the Net.
7:49 of 3rd period - Shot by Aaron Johnson.
7:49 of 3rd period - Stopped by Ryan Miller without a rebound.
7:50 of 3rd period - Anze Kopitar wins face-off versus Tuomo Ruutu in Sabres zone.
8:12 of 3rd period - Off-side.
8:13 of 3rd period - Frans Nielsen wins face-off versus Ben Guite in neutral zone.
8:38 of 3rd period - Shot by Martin Havlat.
8:38 of 3rd period - Shot Misses the Net.
8:53 of 3rd period - Icing by Aaron Johnson.
8:54 of 3rd period - Henrik Zetterberg wins face-off versus Frans Nielsen in Panthers zone.
9:20 of 3rd period - Icing by Marc-Andre Bergeron.
9:21 of 3rd period - Rich Peverley wins face-off versus Tuomo Ruutu in Panthers zone.
9:46 of 3rd period - Shot by Jiri Hudler.
9:46 of 3rd period - Stopped by Ryan Miller without a rebound.
9:47 of 3rd period - Ben Guite wins face-off versus Anze Kopitar in Sabres zone.
9:47 of 3rd period - Ben Guite is hit by Anze Kopitar.
10:02 of 3rd period - Icing by Brian Rafalski.
10:03 of 3rd period - Anze Kopitar wins face-off versus Henrik Zetterberg in Panthers zone.
11:10 of 3rd period - Icing by Rich Peverley.
11:11 of 3rd period - Ben Guite wins face-off versus Rich Peverley in Panthers zone.
11:41 of 3rd period - Shot by Andrew Brunette.
11:41 of 3rd period - Shot Blocked by Andy Sutton.
12:14 of 3rd period - Shot by Mike Richards.
12:14 of 3rd period - Stopped by Rick Dipietro without a rebound.
12:15 of 3rd period - Frans Nielsen wins face-off versus Henrik Zetterberg in Panthers zone.
12:20 of 3rd period - Nicklas Lidstrom is hit by Frans Nielsen and loses puck.
12:29 of 3rd period - Shot by Maxim Afinogenov.
12:29 of 3rd period - Stopped by Ryan Miller with a rebound.
12:33 of 3rd period - Shot by Fabian Brunnstrom.
12:33 of 3rd period - Shot Blocked by Zdeno Chara.
12:35 of 3rd period - Shot by Fabian Brunnstrom.
12:35 of 3rd period - Stopped by Ryan Miller without a rebound.
12:36 of 3rd period - Mike Richards wins face-off versus Bryan Little in Sabres zone.
12:44 of 3rd period - Minor Penalty to Brad Stuart for Holding.
12:45 of 3rd period - Henrik Zetterberg wins face-off versus Marcel Goc in Panthers zone.
13:02 of 3rd period - Stephane Robidas is hit by Zdeno Chara and loses puck.
14:04 of 3rd period - Shot by Niklas Kronwall.
14:04 of 3rd period - Shot Misses the Net.
14:08 of 3rd period - Shot by Tuomo Ruutu.
14:08 of 3rd period - Stopped by Rick Dipietro without a rebound.
14:09 of 3rd period - Frans Nielsen wins face-off versus Mike Richards in Panthers zone.
15:14 of 3rd period - Shot by Kris Versteeg.
15:14 of 3rd period - Shot Misses the Net.
15:53 of 3rd period - Rich Peverley is hit by Niklas Kronwall and loses puck.
16:14 of 3rd period - Stephane Robidas is hit by Mike Richards and loses puck.
16:50 of 3rd period - Off-side.
16:51 of 3rd period - Henrik Zetterberg wins face-off versus Frans Nielsen in neutral zone.
17:17 of 3rd period - Johan Franzen is hit by Frans Nielsen and loses puck.
18:01 of 3rd period - Shot by Jiri Hudler.
18:01 of 3rd period - Shot Blocked by Nicklas Lidstrom.
18:03 of 3rd period - Shot by Stephane Robidas.
18:03 of 3rd period - Shot Misses the Net.
18:05 of 3rd period - Shot by Rich Peverley.
18:05 of 3rd period - Stopped by Ryan Miller with a rebound.
18:49 of 3rd period - Shot by Brian Rafalski.
18:49 of 3rd period - Stopped by Ryan Miller without a rebound.
18:50 of 3rd period - Mike Richards wins face-off versus Anze Kopitar in Sabres zone.
18:55 of 3rd period - Brian Rafalski is hit by Mike Richards and loses puck.
19:18 of 3rd period - Minor Penalty to Brad Stuart for High sticking.
19:19 of 3rd period - Ben Guite wins face-off versus Marcel Goc in Panthers zone.
19:35 of 3rd period - Icing by Kim Johnsson.
19:36 of 3rd period - Paul Gaustad wins face-off versus Marcel Goc in Sabres zone.


Output by the SimonT Hockey Simulator (STHS) for Stephane Roy -- Original Page W3C XHTML 1.0 Valid